 Dungeon Crawl Stone Soup version 0.27-a0-1220-g54dba09ff7 (webtiles) character file.

Game seed: 11425620048290120101

35 Delamore the Shield-Bearer (level 3, 0/30 HPs)
             Began as a Formicid Fighter on June 7, 2021.
             Was a Follower of Dithmenos.
             Slain by a goblin
             ... wielding a +0 club
             ... led by Robin
              (2 damage)
             ... on level 2 of the Dungeon.
             The game lasted 00:01:23 (1188 turns).

Delamore the Shield-Bearer (Formicid Fighter)       Turns: 1188, Time: 00:01:24

Health: 0/30       AC: 10    Str: 21    XL:     3   Next: 52%
Magic:  3/3        EV:  8    Int:  7    God:    Dithmenos [*.....]
Gold:   19         SH:  9    Dex: 10    Spells: 2/2 levels left

rFire    . . .     SeeInvis +   a - +0 trident
rCold    . . .     Faith    .   c - +0 kite shield
rNeg     . . .     Spirit   .   b - +0 scale mail
rPois    .         Reflect  .   (helmet unavailable)
rElec    .         Harm     .   (no cloak)
rCorr    .         Rampage  .   (no gloves)
Will     .....                  (no boots)
Stlth    ..........             (no amulet)
HPRegen  0.10/turn              h - +4 ring of protection
MPRegen  0.08/turn              (no ring)

@: wreathed by umbra
A: permanent stasis, dig shafts and tunnels, antennae 3, four strong arms
a: Dig, Shaft Self, Renounce Religion


You were on level 2 of the Dungeon.
You worshipped Dithmenos.
Dithmenos was aware of your devotion.
You visited 1 branch of the dungeon, and saw 2 of its levels.

You collected 19 gold pieces.

Inventory:

Hand Weapons
 a - a +0 trident (weapon)
Armour
 b - a +0 scale mail (worn)
 c - a +0 kite shield (worn)
Jewellery
 h - a +4 ring of protection (left hand)
Scrolls
 i - a scroll of enchant weapon {unknown}
Potions
 d - a potion of might
 j - a potion of resistance {unknown}
 k - a potion of attraction {unknown}


   Skills:
 + Level 3.7 Fighting
 * Level 3.0 Polearms
 + Level 3.4 Armour
 + Level 3.8 Shields


You had 2 spell levels left.
You didn't know any spells.
Your spell library was empty.

Dungeon Overview and Level Annotations

Branches:
Dungeon (2/15)

Altars:
Dithmenos

Annotations:
D:2 Robin


Innate Abilities, Weirdness & Mutations

You cannot be hasted, slowed, berserked, paralysed or teleported.
You can dig through walls and to a lower floor.
You have a pair of large antennae on your head. (SInv)
Your four strong arms can wield two-handed weapons with a shield.


Message History

You dig through the rock wall.
The goblin no longer looks unusually strong.
Robin roars a battlecry!
The goblins go into a battle-frenzy!
You dig through the rock wall.
You dig through the rock wall.
The goblin barely misses you.
You retract your mandibles.
Robin throws the goblin at you! The goblin closely misses you.
You hit the goblin but do no damage. The goblin hits you but does no damage.
The goblin closely misses you.
Robin roars a battlecry!
You closely miss the goblin. The goblin hits you with a +0 club.
* * * LOW HITPOINT WARNING * * *
The goblin hits you but does no damage. The goblin closely misses you.
The goblin closely misses you. The goblin hits you but does no damage.
Robin roars a battlecry!
The goblins go into a battle-frenzy!
You extend your mandibles.
You dig through the rock wall.
You dig through the rock wall.
You block the goblin's attack.
You retract your mandibles.
Robin throws the goblin at you!
The goblin unwields a +0 hunting sling.
The goblin wields a +0 club.
The goblin hits you but does no damage.
The goblin no longer looks unusually strong.
You block the goblin's attack.
You extend your mandibles.
You dig through the rock wall.
You dig through the rock wall.
You dig through the rock wall.
You block the goblin's attack.
It was a potion of flight.
You feel very buoyant.
You fly up into the air.
You block the goblin's attack.
It was a potion of haste.
Your stasis prevents you from being hasted.
The goblin hits you but does no damage.
It was a potion of cancellation.
Your magical effects are unravelling.
You feel magically purged.
You float gracefully downwards.
The goblin hits you with a +0 club.
You die...

..........#.. .... .............
############.. #...........
#......##.##.. ..........#
#.........##.. ..........#
#.......#..... ....))....#
#......###.... ..........#
#............. ...g.g....# ###
#..........#.. #.{.......#
##@###......#.#.... ##g{$.....#
#g###.............) ##{#{{...#
##{#............... #.##.g...##
#{g{...........#.#.
##{#g.....####.{.....#......#<##
#{##.......g.{{.....#########..#
##g###.###.##{##..#.... ##.#
##{#g{.##..##{#..####.# .#
##{#.#.#g...g....# # ..


You could see a goblin.

Vanquished Creatures
  A gnoll (D:1)
  A dart slug (D:1)
  4 endoplasms (D:1)
  3 goblins (D:2)
  4 hobgoblins
  A quokka (D:1)
  3 ball pythons (D:1)
  A bat (D:1)
  A frilled lizard (D:1)
  A kobold (D:1)
  2 rats (D:1)
22 creatures vanquished.

Notes
Turn   | Place    | Note
-------+----------+-------------------------------------------
     0 | D:1      | Delamore the Formicid Fighter began the quest for the Orb.
     0 | D:1      | Reached XP level 1. HP: 18/18 MP: 1/1
     5 | D:1      | Found a faded altar of an unknown god.
    29 | D:1      | Became a worshipper of Dithmenos the Shadowed
    29 | D:1      | Reached * piety under Dithmenos
   257 | D:1      | Reached XP level 2. HP: 24/24 MP: 2/2
   718 | D:1      | Reached XP level 3. HP: 9/30 MP: 3/3
  1151 | D:2      | Noticed Robin
  1176 | D:2      | HP: 1/30 [goblin/+0 club[Robin] (6)]
  1188 | D:2      | Slain by a goblin

Illustrated notes

Levels and vault maps discovered:
D:1:      mushboom_english_gardens, layout_basic, basic_ecumenical_altar
D:2:      layout_rooms, uniq_robin, uniq_sigmund

Skill      XL: |  1  2  3 |
---------------+----------+-----
Polearms       | 3 |  3.0
Fighting       | |  3.7
Armour         | |  3.4
Shields        | |  3.8

Action                   || total
-------------------------++-------
Melee: Trident           ||    78
 Abil: Dig               ||     4
  Use: Potion            ||     3
Armor: Scale mail        ||    33
Dodge: Dodged            ||    33
Block: Kite shield       ||    40

Table legend: (Time is in decaauts)
 A = Elapsed time spent in this place.
 B = Non-inter-level travel time spent in this place.
 C = Inter-level travel time spent in this place.
 D = Time resting spent in this place.
 E = Time spent auto-exploring this place.
 F = Levels seen in this place.
 G = Mean time per level.
                   A        B        C        D        E       F      G
               +--------+--------+--------+--------+--------+-----+--------+
         Total |   1217 |   1169 |     48 |    351 |    615 |   2 |  608.5 |
       Dungeon |   1217 |   1169 |     48 |    351 |    615 |   2 |  608.5 |
               +--------+--------+--------+--------+--------+-----+--------+

Top non-repeatable levels by time:
     D:1: 1119 daAuts
     D:2: 98 daAuts
